 Dungeon Crawl Stone Soup version 0.27.1 (console) character file.

Game seed: 11894709792384949474

30 thromnambular the Gusty (level 3, -1/25 HPs)
             Began as a Gnoll Wanderer on Aug 28, 2021.
             Slain by a ball python (2 damage)
             ... on level 2 of the Dungeon.
             The game lasted 00:02:03 (1720 turns).

thromnambular the Gusty (Gnoll Wanderer)            Turns: 1720, Time: 00:02:04

Health: -1/25      AC:  2    Str: 12    XL:     3   Next: 18%
Magic:  1/7        EV:  8    Int: 10    God:
Gold:   56         SH:  0    Dex: 12    Spells: 6/7 levels left

rFire    . . .     SeeInvis .   k - +0 spear
rCold    . . .     Faith    .   (no shield)
rNeg     + . .     Spirit   .   c - +0 robe
rPois    .         Reflect  .   (no helmet)
rElec    .         Harm     .   (no cloak)
rCorr    .         Rampage  .   (no gloves)
Will     .....                  (no boots)
Stlth    ++........             (no amulet)
HPRegen  0.08/turn              f - ring of positive energy
MPRegen  0.10/turn              (no ring)

@: mighty, constricted
A: fangs 1, strong nose, distributed training
a: no special abilities


You were on level 2 of the Dungeon.
You visited 1 branch of the dungeon, and saw 2 of its levels.

You collected 56 gold pieces.

Inventory:

Hand Weapons
 a - a +0 dagger
 k - a +0 spear (weapon)
Armour
 c - a +0 robe (worn)
Jewellery
 f - a ring of positive energy (left hand)
Wands
 d - a wand of charming (15)
Scrolls
 b - a scroll of teleportation
 g - a scroll of torment {unknown}
 h - 2 scrolls of identify {unknown}
 i - a scroll of holy word {unknown}
 j - a scroll of amnesia {unknown}


   Skills:
 + Level 0.6 Fighting
 + Level 0.6 Short Blades
 + Level 0.6 Long Blades
 + Level 0.6 Axes
 + Level 0.6 Maces & Flails
 + Level 0.6 Polearms
 + Level 0.6 Staves
 + Level 0.6 Slings
 + Level 0.6 Bows
 + Level 0.6 Crossbows
 + Level 0.6 Throwing
 + Level 0.6 Armour
 + Level 0.6 Dodging
 + Level 2.3 Stealth
 + Level 0.6 Shields
 + Level 0.6 Unarmed Combat
 + Level 2.8 Spellcasting
 + Level 3.7 Conjurations
 + Level 0.4 Hexes
 + Level 0.4 Summonings
 + Level 0.4 Necromancy
 + Level 0.4 Translocations
 + Level 3.7 Transmutations
 + Level 0.4 Fire Magic
 + Level 0.4 Ice Magic
 + Level 3.7 Air Magic
 + Level 2.1 Earth Magic
 + Level 0.4 Poison Magic
 + Level 0.8 Invocations
 + Level 2.5 Evocations


You had 6 spell levels left.
You knew the following spells:

 Your Spells              Type           Power      Damage    Failure   Level
a - Magic Dart            Conj           32%        1d4       6%          1

Your spell library contained the following spells:

 Spells                   Type           Power      Damage    Failure   Level
 Conjure Flame            Conj/Fire      5%         6-21      36%         3


Dungeon Overview and Level Annotations

Branches:
Dungeon (2/15)

Altars:

Shops:
D:2 (


Innate Abilities, Weirdness & Mutations

You have very sharp teeth.
Your uncanny sense of smell can sniff out nearby items.
Your experience applies equally to all skills.


Message History

Press: ? - help, Q - select action, (/) - cycle Shift-Dir - straight line, f/p - adder
Aim: an adder (almost dead, 100% to hit)
The magic dart hits the adder.
You kill the adder!
You have reached level 3!
Your experience leads to an increase in your attributes!
Increase (S)trength, (I)ntelligence, or (D)exterity?
You feel stronger.
It was a potion of curing.
You feel better. The ball python bites you. The ball python barely misses you.
You hit the ball python.
The ball python is moderately wounded.
The ball python bites you. The ball python grabs you.
The ball python constricts you. The ball python bites you.
The ball python constricts you.
* * * LOW HITPOINT WARNING * * *
You closely miss the ball python.
The ball python is moderately wounded.
The ball python bites you.
* * * LOW HITPOINT WARNING * * *
The ball python constricts you.
* * * LOW HITPOINT WARNING * * *
You barely miss the ball python.
The ball python is moderately wounded.
The ball python bites you.
* * * LOW HITPOINT WARNING * * *
The ball python constricts you.
The ball python's grasp on you weakens, but your attempt to escape fails.
The ball python bites you.
* * * LOW HITPOINT WARNING * * *
The ball python constricts you. The ball python barely misses you.
The ball python constricts you.
* * * LOW HITPOINT WARNING * * *
You escape the ball python's grasp.
The ball python misses you. The ball python grabs you.
The ball python constricts you.
It was a potion of might.
You feel very mighty all of a sudden. The ball python bites you.
You die...

8.####.# #.# .⌠.⌠
.....)###.#
8.∩.8.###...##.########
.⌠.⌠...................
.8.8.###...##.########
###... ##.###.#
......####.###.#######
#....................###
##.##...S@............ #
#....#######'#######..#
#.##..#.# #.# #..##
[....#.# #####.#####
#... .##.#..#.#
#...'.'...# #..#
...!.S...# #.###.###.#
#..# ..≈≈.....# #.# #.#
#..### !≈≈...##!#
###.###'###..... ..≈≈..
#.+ ..........'..^.#


You could see a ball python.

Vanquished Creatures
  An adder (D:2)
  A dart slug (D:2)
  3 bats
  An endoplasm (D:2)
  3 goblins
  4 hobgoblins (D:1)
  2 jackals (D:1)
  A rat (D:2)
16 creatures vanquished.

Notes
Turn   | Place    | Note
-------+----------+-------------------------------------------
     0 | D:1      | thromnambular the Gnoll Wanderer began the quest for the
                  | Orb.
     0 | D:1      | thromnambular set off with the following items: a +0
                  | dagger, a scroll of teleportation, a +0 robe, a wand of
                  | charming (15); and the following spell memorised: Magic
                  | Dart; and the following spells available to memorise:
                  | Conjure Flame
     0 | D:1      | Reached XP level 1. HP: 13/13 MP: 4/4
   842 | D:1      | Reached XP level 2. HP: 19/19 MP: 1/5
  1687 | D:2      | Found Zuyziguc's Weapon Boutique.
  1709 | D:2      | Reached XP level 3. HP: 8/25 MP: 0/7
  1713 | D:2      | HP: 1/25 [constriction (1)]
  1720 | D:2      | Slain by a ball python

Illustrated notes

Levels and vault maps discovered:
D:1:      sevenhm_arrival_forest_fort_small_6, layout_loops_corners
D:2:      layout_loops_ring, serial_shops,
          nicolae_shop_temple_entry_statues_fountains, dk_vineyard_3,
          minmay_door_square, uniq_natasha

Skill      XL: |  1 |
---------------+----+-----
Earth Magic    | 2 |  2.1
Fighting       | |  0.6
Short Blades   | |  0.6
Long Blades    | |  0.6
Axes           | |  0.6
Maces & Flails | |  0.6
Polearms       | |  0.6
Staves         | |  0.6
Slings         | |  0.6
Bows           | |  0.6
Crossbows      | |  0.6
Throwing       | |  0.6
Armour         | |  0.6
Dodging        | |  0.6
Stealth        | |  2.3
Shields        | |  0.6
Unarmed Combat | |  0.6
Spellcasting   | |  2.8
Conjurations   | |  3.7
Hexes          | |  0.4
Summonings     | |  0.4
Necromancy     | |  0.4
Translocations | |  0.4
Transmutations | |  3.7
Fire Magic     | |  0.4
Ice Magic      | |  0.4
Air Magic      | |  3.7
Poison Magic   | |  0.4
Invocations    | |  0.8
Evocations     | |  2.5

Action                   || total
-------------------------++-------
Melee: Dagger            ||     9
       Spear             ||    11
 Cast: Magic Dart        ||    43
  Use: Potion            ||     2
 Stab: Sleeping          ||     1
Armor: Robe              ||     6
Dodge: Dodged            ||    17
